 Dungeon Crawl Stone Soup version 0.29.1-15-g9cfb28693d (webtiles) character file.

Game seed: 18119358792353271532

2514821 TittyCrusher the Slayer (level 27, 268/268 HPs)
             Began as a Purple Draconian Conjurer on Mar 6, 2023.
             Was the Champion of Vehumet.
             Escaped with the Orb
             ... and 4 runes on Mar 7, 2023!
             The game lasted 06:23:50 (72518 turns).

TittyCrusher the Slayer (DrCj)                     Turns: 72518, Time: 06:23:50

Health: 268/268    AC: 18    Str: 18    XL:     27
Magic:  51/51      EV: 21    Int: 37    God:    Vehumet [******]
Gold:   8752       SH: 18    Dex: 15    Spells: 9/74 levels left

rFire   + + .      SeeInvis +   b - staff of fire
rCold   + + .      Faith    .   f - +5 kite shield {reflect}
rNeg    + + .      Spirit   .   (body armour unavailable)
rPois   +          Reflect  +   I - -2 hat of the Alchemist {rElec rPois rF+ rC+ rN+ Will+ rMut rCorr}
rElec   +          Harm     .   H - +0 cloak of Reemah {Will- rCorr Int+9}
rCorr   +          Rampage  .   V - +2 pair of gloves {Dex+3}
rMut    +          Archmagi +   m - +2 pair of boots {Stlth+}
Will    ++++.                   k - amulet "Reamah" {RegenMP Fragile Regen+ Str-2 SInv}
Stlth   +++.......              d - ring "Hucw" {+Blink rC+ rN+ Str+6 Slay+3}
HPRegen 1.34/turn               w - ring of the Mage {Wiz Archmagi}
MPRegen 0.72/turn

@: studying 4 skills
A: breathe power, AC +13, unfitting armour, cold-blooded, strong 1
0: Orb of Zot
}: 4/15 runes: decaying, serpentine, slimy, silver
a: Breathe Dispelling Energy, Renounce Religion, Evoke Blink


You escaped.
You worshipped Vehumet.
Vehumet was exalted by your worship.
You visited 12 branches of the dungeon, and saw 56 of its levels.
You completed 1 ziggurat, and saw 27 of its levels.
You also visited: Gauntlet.

You collected 11521 gold pieces.
You spent 2769 gold pieces at shops.

Inventory:

Hand Weapons
 a - a +7 demon trident of flaming
 g - a +4 vampiric demon trident
 o - the +9 staff of Wucad Mu {*channel}
   (You found it on level 24 of a ziggurat)

   It occasionally powers its wielder's spells, but with a chance of causing
   confusion or draining the wielder's intelligence.
   It becomes more likely to activate and less likely to backfire with increased
   Evocations skill.
 S - the +7 staff of the Meek {protect, meekguard}
   (You found it on level 2 of the Snake Pit)

   It grants its wielder temporary protection when it strikes (+7 to AC).
   It provides extra protection to wielders with little health.
Armour
 f - a +5 kite shield of reflection (worn)
 m - a +2 pair of boots of stealth (worn)
 p - the +3 Mad Mage's Maulers {Infuse+∞ RegenMP Int-3}
   (You found it on level 14 of a ziggurat)

   It empowers its wearer's blows with all of their magic.
   It causes its wearer's magical reserves to regenerate more quickly.
   Int:       It affects your intelligence (-3).
 H - the +0 cloak of Reemah (worn) {Will- rCorr Int+9}
   (You found it on level 12 of a ziggurat)

   Int:       It affects your intelligence (+9).
   rCorr:     It protects you from acid and corrosion.
   Will:      It decreases your willpower.
 I - the -2 hat of the Alchemist (worn) {rElec rPois rF+ rC+ rN+ Will+ rMut rCorr}
   (You bought it in a shop on level 5 of the Dungeon)

   rF:        It protects you from fire.
   rC:        It protects you from cold.
   rElec:     It insulates you from electricity.
   rPois:     It protects you from poison.
   rN:        It protects you from negative energy.
   rCorr:     It protects you from acid and corrosion.
   rMut:      It protects you from mutation.
   Will:      It increases your willpower.
 V - a +2 pair of gloves of dexterity (worn)
Magical Staves
 b - a staff of fire (weapon)
 q - a staff of earth
 x - a staff of cold
Jewellery
 d - the ring "Hucw" (left hand) {+Blink rC+ rN+ Str+6 Slay+3}
   (You found it on level 16 of a ziggurat)

   [ring of strength]

   Str:       It affects your strength (+6).
   Slay:      It affects your accuracy & damage with ranged weapons and melee
   (+3).
   rC:        It protects you from cold.
   rN:        It protects you from negative energy.
   +Blink:    It lets you blink.
 k - the amulet "Reamah" (around neck) {RegenMP Fragile Regen+ Str-2 SInv}
   (You found it in a Gauntlet)

   [amulet of magic regeneration]

   It increases your rate of magic regeneration.
   Str:       It affects your strength (-2).
   SInv:      It lets you see invisible.
   Regen:     It increases your rate of health regeneration.
   Fragile:   It will be destroyed if unequipped.
 n - the amulet "Nous" {Faith Harm Fragile MP+9 Int+8}
   (You found it on level 24 of a ziggurat)

   [amulet of faith]

   It allows you to gain divine favour quickly.
   Int:       It affects your intelligence (+8).
   MP:        It affects your magic capacity (+9).
   Fragile:   It will be destroyed if unequipped.
   Harm:      It increases damage dealt and taken.
 v - the ring "Akouhaj" {MP+9 Str+2 Int+2 SInv}
   (You found it on level 21 of a ziggurat)

   [ring of magical power]

   Str:       It affects your strength (+2).
   Int:       It affects your intelligence (+2).
   MP:        It affects your magic capacity (+9).
   SInv:      It lets you see invisible.
 w - the ring of the Mage (right hand) {Wiz Archmagi}
   (You found it on level 3 of the Depths)

   [ring of wizardry]

   It improves your spell success rate.
   Archmagi:  It increases the power of your magical spells.
 z - a +6 ring of intelligence
 C - a ring of ice
 G - the amulet "Gozuic" {Faith rF+ MP+9}
   (You found it on level 9 of a ziggurat)

   [amulet of faith]

   It allows you to gain divine favour quickly.
   rF:        It protects you from fire.
   MP:        It affects your magic capacity (+9).
 M - a ring of fire
 N - the amulet of New Discoveries {Fly Regen+ Str+3 Int+6 Slay-4}
   (You found it on level 10 of a ziggurat)

   [amulet of regeneration]

   Str:       It affects your strength (+3).
   Int:       It affects your intelligence (+6).
   Slay:      It affects your accuracy & damage with ranged weapons and melee
   (-4).
   Fly:       It grants you flight.
   Regen:     It increases your rate of health regeneration.
 W - a ring of protection from fire
 X - a ring of protection from cold
 Z - the ring "Githri" {rElec Will- MP+9 Int+8}
   (You found it on level 5 of the Pits of Slime)

   [ring of magical power]

   Int:       It affects your intelligence (+8).
   rElec:     It insulates you from electricity.
   MP:        It affects your magic capacity (+9).
   Will:      It decreases your willpower.
Wands
 h - a wand of digging (15)
 D - a wand of charming (14)
 L - a wand of iceblast (25)
Scrolls
 j - 16 scrolls of blinking
 r - 24 scrolls of fog
 u - 2 scrolls of enchant weapon
 y - 11 scrolls of vulnerability
 A - 9 scrolls of amnesia
 B - 2 scrolls of torment
 F - 14 scrolls of magic mapping
 K - 5 scrolls of enchant armour
 O - 31 scrolls of teleportation
 P - 10 scrolls of fear
 U - 10 scrolls of immolation
Potions
 c - 17 potions of might
 e - 11 potions of cancellation
 i - 18 potions of flight
 l - 15 potions of ambrosia
 s - 18 potions of mutation
 t - a potion of brilliance
 E - 29 potions of curing
 J - 7 potions of magic
 Q - 4 potions of invisibility
 R - 16 potions of heal wounds
 T - 14 potions of lignification
Miscellaneous
 Y - a +1 figurine of a ziggurat


   Skills:
 - Level 25.9 Fighting
 - Level 20.5 Polearms
 - Level 18.9 Dodging
 - Level 14.1 Stealth
 - Level 14.4 Shields
 - Level 24.0 Spellcasting
 - Level 24.7 Conjurations
 - Level 6.3 Hexes
 - Level 11.0 Necromancy
 - Level 5.7 Translocations
 - Level 10.5 Transmutations
 + Level 22.2 Fire Magic
 - Level 13.0 Ice Magic
 - Level 3.6 Air Magic
 - Level 20.5 Earth Magic


You had 9 spell levels left.
You knew the following spells:

 Your Spells              Type           Power      Damage    Failure   Level
a - Stone Arrow           Conj/Erth      100%       3d13      0%          3
b - Freezing Cloud        Conj/Ice/Air   60%        6-21      1%          5
c - Necromutation         Tmut/Necr      56%        N/A       28%         8
d - Statue Form           Tmut/Erth      84%        N/A       1%          6
e - Iskenderun's Mystic   Conj/Tloc      100%       2d19      0%          4
f - Frozen Ramparts       Ice            100%       1d16      0%          3
g - Iskenderun's Battles  Conj           100%       2d15      0%          5
h - Swiftness             Air            82%        N/A       1%          3
i - Magic Dart            Conj           100%       1d8       0%          1
k - Ozocubu's Refrigerat  Ice            59%        4d20      1%          7
l - Blink                 Tloc           100%       N/A       1%          2
m - Fire Storm            Conj/Fire      85%        8d22      1%          9
n - Shatter               Erth           69%        3d51*     2%          9

Your spell library contained the following spells:

 Spells                   Type           Power      Damage    Failure   Level
 Beastly Appendage        Tmut           100%       N/A       0%          1
 Foxfire                  Conj/Fire      100%       2x1d9     0%          1
 Freeze                   Ice            100%       1d11      0%          1
 Necrotise                Necr           100%       1d9       0%          1
 Sandblast                Erth           100%       2d20      0%          1
 Shock                    Conj/Air       100%       1d9       0%          1
 Passwall                 Tmut/Erth      100%       N/A       0%          2
 Searing Ray              Conj           100%       2d8       0%          2
 Static Discharge         Conj/Air       100%       3-16/arc  0%          2
 Sublimation of Blood     Necr           100%       N/A       0%          2
 Wereblood                Tmut           100%       N/A       0%          2
 Conjure Flame            Conj/Fire      100%       6-21      0%          3
 Dazzling Flash           Conj/Hex       100%       N/A       0%          3
 Inner Flame              Hex/Fire       100%       N/A       0%          3
 Ozocubu's Armour         Ice            100%       N/A       0%          3
 Flame Wave               Conj/Fire      100%       2d21      0%          4
 Fulminant Prism          Conj/Hex       63%        3d27      0%          4
 Hailstorm                Conj/Ice       100%       3d20      0%          4
 Petrify                  Tmut/Erth      100%       N/A       0%          4
 Sticky Flame             Conj/Fire      100%       2d11      0%          4
 Irradiate                Conj/Tmut      66%        3d33      0%          5
 Lee's Rapid Deconstruct  Erth           69%        3d32*     0%          5
 Starburst                Conj/Fire      85%        6d22      0%          6
 Apportation              Tloc           100%       N/A       1%          1
 Sting                    Tmut/Pois      100%       1d8       1%          1
 Summon Small Mammal      Summ           100%       N/A       1%          1
 Call Imp                 Summ           61%        N/A       1%          2
 Ensorcelled Hibernation  Hex/Ice        100%       N/A       1%          2
 Poisonous Vapours        Pois/Air       100%       N/A       1%          2
 Call Canine Familiar     Summ           61%        N/A       1%          3
 Confusing Touch          Hex            95%        N/A       1%          3
 Gell's Gravitas          Tloc           92%        N/A       1%          3
 Ignite Poison            Fire/Tmut/Pois 100%       N/A       1%          3
 Lesser Beckoning         Tloc           92%        N/A       1%          3
 Mephitic Cloud           Conj/Pois/Air  100%       N/A       1%          3
 Portal Projectile        Hex/Tloc       100%       N/A       1%          3
 Spider Form              Tmut/Pois      90%        N/A       1%          3
 Summon Guardian Golem    Hex/Summ       80%        N/A       1%          3
 Teleport Other           Tloc           92%        N/A       1%          3
 Tukima's Dance           Hex            95%        N/A       1%          3
 Vampiric Draining        Necr           100%       2d13      1%          3
 Airstrike                Air            41%        2d(6-22)  1%          4
 Anguish                  Hex/Necr       52%        N/A       1%          4
 Animate Dead             Necr           100%       N/A       1%          4
 Cause Fear               Hex            47%        N/A       1%          4
 Corpse Rot               Necr/Pois/Air  88%        N/A       1%          4
 Dispel Undead            Necr           100%       3d31      1%          4
 Ice Form                 Ice/Tmut       100%       N/A       1%          4
 Leda's Liquefaction      Hex/Erth       60%        N/A       1%          4
 Olgreb's Toxic Radiance  Pois           61%        N/A       1%          4
 Passage of Golubria      Tloc           92%        N/A       1%          4
 Summon Ice Beast         Ice/Summ       95%        N/A       1%          4
 Summon Lightning Spire   Summ/Air       72%        N/A       1%          4
 Agony                    Necr           100%       N/A       1%          5
 Alistair's Intoxication  Tmut/Pois      60%        N/A       1%          5
 Blade Hands              Tmut           55%        N/A       1%          5
 Borgnjor's Vile Clutch   Necr/Erth      63%        N/A       1%          5
 Lightning Bolt           Conj/Air       61%        1d84      1%          5
 Metabolic Englaciation   Hex/Ice        54%        N/A       1%          5
 Silence                  Hex/Air        44%        N/A       1%          5
 Yara's Violent Unravell  Hex/Tmut       51%        3d20      1%          5
 Death Channel            Necr           56%        N/A       1%          6
 Eringya's Noxious Bog    Tmut/Pois      45%        N/A       1%          6
 Simulacrum               Ice/Necr       58%        N/A       1%          6
 Orb of Destruction       Conj           74%        9d17      1%          7
 Spellforged Servitor     Conj/Summ      58%        N/A       1%          7
 Ignition                 Fire           84%        3d22      1%          8
 Lehudib's Crystal Spear  Conj/Erth      72%        10d16     1%          8
 Summon Forest            Summ/Tloc      39%        N/A       3%          5
 Dragon Form              Tmut           55%        N/A       4%          7
 Dispersal                Tloc           46%        N/A       5%          6
 Storm Form               Tmut/Air       49%        N/A       16%         7
 Enfeeble                 Hex            47%        N/A       22%         7
 Borgnjor's Revivificati  Necr           56%        N/A       26%         8
 Infestation              Necr           56%        N/A       26%         8
 Haunt                    Necr/Summ      45%        N/A       32%         7
 Maxwell's Capacitive Co  Air            41%        ∞         73%         8
 Discord                  Hex            47%        N/A       85%         8
 Disjunction              Tloc           46%        N/A       89%         8
 Summon Hydra             Summ           30%        N/A       95%         7
 Death's Door             Necr           56%        N/A       98%         9
 Dragon's Call            Summ           30%        N/A       100%        9
 Animate Armour           Summ/Erth      Unusable   N/A       N/A         4

Dungeon Overview and Level Annotations

Branches:
Dungeon (15/15)            Temple (1/1) D:5            Lair (5/5) D:8
  Swamp (4/4) Lair:2        Snake (4/4) Lair:2        Slime (5/5) Lair:5
    Orc (2/2) D:9             Elf (3/3) Orc:2        Vaults (5/5) D:14
  Crypt (3/3) Vaults:3       Tomb (0/3) Crypt:3      Depths (4/4) D:15
    Zot (5/5) Depths:4    Gauntlet (visited)

Altars:
Ashenzari
Cheibriados
Dithmenos
Elyvilon
Fedhas
Gozag
Hepliaklqana
Kikubaaqudgha
Makhleb
Nemelex Xobeh
Okawaru
Qazlal
Ru
Sif Muna
Trog
Uskayaw
Vehumet
Wu Jian
Xom
Yredelemnul
Zin
The Shining One
Jiyva
Lugonu

Shops:
D:3 !   D:5 [   D:6 *   D:10 (   Orc:2 **[*   Elf:2 :   Snake:1 ==
Snake:2 *::*   Depths:2 :

Portals:
Hell: Depths:1 Depths:2 Depths:3 Depths:4
Abyss: Depths:1 Depths:2 Depths:3 Depths:4
Pandemonium: Depths:1 Depths:2 Depths:4
Trove: D:15 (give 2 scrolls of acquirement)

Annotations:
D:1 Jessica
Lair:2 exclusion: downstairs
Lair:4 exclusion: downstairs
Depths:2 exclusion: door


Innate Abilities, Weirdness & Mutations

You can breathe bolts of dispelling energy.
Your rich purple scales are hard. (AC +13)
You cannot fit into any form of body armour.
You are cold-blooded and may be slowed by cold attacks.
Your muscles are strong. (Str +4, Int/Dex -1)


Message History

The orange demon screeches!
You climb upwards.
There is a stone staircase leading down here.
An Executioner comes into view.
You can't go up here!
Casting: Fire Storm (mildly dangerous; 1% risk of failure)
Confirm with . or Enter, or press ? or * to list all spells.
Aiming: Fire Storm (mildly dangerous; 1% risk of failure)
Press: ? - help, Dir - move target You feel a strong surge of power!
A raging storm of fire appears!
The great blast of fire engulfs the Executioner!!!
The Executioner partially resists.
The Executioner is almost dead.
Unknown command.
Unknown command.
Unknown command.
Casting: Fire Storm (mildly dangerous; 1% risk of failure)
Confirm with . or Enter, or press ? or * to list all spells.
Aiming: Fire Storm (mildly dangerous; 1% risk of failure)
Press: ? - help, Dir - move target You feel a strong surge of power!
A raging storm of fire appears!
The great blast of fire engulfs the Executioner!!!
The Executioner partially resists.
You kill the Executioner!
Vehumet accepts your kill.
You feel your power returning.
Unknown command.
Unknown command.
You see here a +0 whip.
There is a stone staircase leading up here.
You climb upwards.
There is a stone staircase leading down here.
Magic restored.
There is a stone staircase leading up, spattered with blood here.
You climb upwards.
Level annotation: Jessica
There is a stone staircase leading down here.
There is an open door here.
There is a staircase leading out of the dungeon here.
You have escaped!

)................#.# #....#...
######....####.###.# #######..
....)'....# #.....# #####.
#....#....####.#.#.### #.....
#.........##.........# #.....
#.....#.####.#.#.#.#.#### #.....
#.....#.#......#.#......# #.....
#.###.#.##.#.###.###.#.## #.....
......#.##......@......# #.###.
##'####.##.#.###.###.#.#####.#...
...............#.#...........#...
#........###.#.#.#.#.#########...
#........# #.........# #...
#######.## ###.#.#.### #... #.#
#.....# #... #.######.###.####
#### #.....).........#


There were no monsters in sight!

Vanquished Creatures
  the Royal Jelly (Slime:5)
  3 dread liches
  4 orbs of fire (Zot:5)
  8 ancient liches
  Mara (Vaults:3)
  A juggernaut (Depths:3)
  2 royal mummies (Zig:12)
  Josephina (Crypt:2)
  the Lernaean hydra (Swamp:4)
  Bai Suzhen (Crypt:2)
  A shard shrike (Zig:14)
  16 Killer Klowns
  Xtahua (Vaults:2)
  4 caustic shrikes
  2 curse toes
  15 golden dragons
  2 profane servitors
  Jory (Vaults:5)
  4 bone dragons
  A pearl dragon (Zig:5)
  5 Brimstone Fiends
  An electric golem (Zot:5)
  An iron giant (shapeshifter) (Zig:25)
  2 Hell Sentinels (Zig:23)
  3 searing wretches
  15 tentacled monstrosities
  5 Ice Fiends
  8 hellephants
  25 Orb Guardians (Zot:5)
  A shard shrike skeleton (Crypt:3)
  Asterion (Vaults:2)
  6 deep elf blademasters
  6 liches
  3 titans
  A walking earthen tome (Depths:3)
  A walking frostbound tome (Depths:3)
  An acid blob (shapeshifter) (Zig:25)
  A quicksilver dragon (shapeshifter) (Zig:15)
  7 deep elf master archers
  10 death cobs
  7 Executioners
  18 acid blobs
  A sphinx (shapeshifter) (Zig:25)
  5 tentacled starspawn (Zig:27)
  7 quicksilver dragons
  Agnes (Snake:2)
  Kirke (Elf:1)
  13 shadow dragons
  22 pandemonium lords
  4 sphinxes
  5 tengu reavers
  15 ancient champions
  14 storm dragons
  2 thorn hunters
  Donald (Crypt:2)
  15 nagarajas
  16 draconian monks
  8 revenants
  2 azure jellies (shapeshifter)
  3 demonspawn warmongers (Zig:23)
  2 fenstrider witches
  10 rockslimes
  14 draconian knights
  3 iron dragons
  An orc warlord (Zig:2)
  9 frost giants
  A frost giant (shapeshifter) (Zig:25)
  2 daevas (Depths:1)
  2 ghost moths
  23 vault wardens
  10 fire giants
  20 draconian scorchers
  6 narguns (Zig:14)
  12 curse skulls
  7 deep elf sorcerers
  Aizul (Snake:2)
  13 azure jellies
  22 draconian shifters
  Louise (Swamp:2)
  12 balrugs
  3 caustic shrike skeletons
  4 deep elf elementalists
  23 draconian annihilators
  4 cacodemons
  24 ironbound preservers
  5 reapers
  6 quicksilver oozes (Slime:5)
  15 ghouls
  6 demonspawn corrupters
  18 very ugly things
  A broodmother (shapeshifter) (Zig:25)
  3 angels
  3 demonspawn blood saints (Zig:23)
  2 war gargoyles (Vaults:5)
  12 draconian stormcallers
  8 ironbound thunderhulks
  The ghost of billybob123456 the Fighter, a journeyman MiMo of Qazlal (Snake:2)
  11 stone giants
  6 eleionomae
  2 bennus (Zig:12)
  14 vampire knights
  An ophan (Zig:5)
  13 green draconians
  5 deep elf demonologists
  18 black draconians
  4 bunyips
  4 wendigos (Zig:14)
  15 yellow draconians
  4 lorocyprocas
  11 deep elf annihilators
  6 dire elephants
  A minotaur (Gauntlet)
  22 white draconians
  19 purple draconians
  3 entropy weavers
  17 red draconians
  2 crystal guardians (Vaults:4)
  15 deep elf death magi
  14 eidola
  9 merfolk javelineers
  6 green deaths
  5 ettins
  5 jiangshi
  2 spriggan zombies (Crypt:2)
  5 blizzard demons
  10 fire dragons
  10 merfolk impalers
  4 mummy priests (Zig:12)
  6 deep elf high priests
  2 shambling mangroves (Zig:13)
  15 yaktaur captains
  2 peacekeepers
  8 great orbs of eyes
  12 ice dragons
  11 salamander tyrants
  37 vault guards
  40 hydras
  A rakshasa (Depths:3)
  8 spriggan air magi
  9 ironbound frosthearts
  4 anacondas
  6 spriggan skeletons
  16 naga warriors
  2 ogre magi (Vaults:5)
  8 merfolk aquamancers
  3 two-headed ogres
  3 alligator snapping turtles
  7 ghost crabs
  3 centaur warriors
  4 death knights
  11 death yaks
  6 boulder beetles
  A stoker (Zig:11)
  27 dancing weapons
  5 catoblepae
  17 alligators
  2 merfolk avatars (Zig:21)
  5 satyrs
  8 deep troll shamans
  A fenstrider witch skeleton (Crypt:3)
  3 tengu warriors
  5 hell hogs
  4 orc high priests
  7 spriggan berserkers
  7 deep troll earth magi
  13 naga sharpshooters
  7 shock serpents
  A storm dragon zombie (Crypt:2)
  4 thrashing horrors (Zig:27)
  7 hell knights
  9 vampire magi
  28 deep elf knights
  12 spriggans
  6 sun demons
  6 iron trolls
  5 soul eaters
  2 bunyip zombies (Crypt:2)
  6 titan skeletons (Crypt:3)
  7 shadow wraiths
  3 salamander mystics
  9 wretched stars (Zig:27)
  A sixfirhy (D:6)
  3 spatial maelstroms (Zig:27)
  A death drake (Swamp:4)
  6 goliath frogs
  2 cherubim (Zig:5)
  22 skeletal warriors
  8 spriggan druids
  12 sea snakes
  19 flayed ghosts
  4 glowing orange brains
  A shadow demon (Depths:2)
  20 deep elf archers
  51 deep trolls
  An anaconda skeleton (Crypt:3)
  A spriggan simulacrum (Crypt:2)
  7 naga ritualists
  23 ironbound convokers
  9 wizards
  A tengu zombie (Vaults:4)
  18 swamp dragons
  8 bog bodies
  A sphinx zombie (Zig:12)
  8 orc knights
  32 harpies
  12 phantasmal warriors
  2 orange crystal statues
  31 deep elf pyromancers
  2 obsidian statues (Depths:3)
  An oklob plant (Zig:20)
  A stone giant zombie (Crypt:1)
  12 necromancers
  6 cyclopes
  4 shining eyes
  10 lindwurms
  4 wolf spiders
  20 deep elf zephyrmancers
  A frost giant zombie (Crypt:3)
  19 fauns
  10 mana vipers
  2 shadow dragon skeletons
  5 orc sorcerers
  17 manticores
  24 ugly things
  A manticore (shapeshifter) (Vaults:5)
  A salamander (shapeshifter) (D:14)
  A tengu skeleton (Vaults:1)
  8 will-o-the-wisps
  A dire elephant zombie (Crypt:1)
  11 salamanders
  A frost giant skeleton (Vaults:5)
  21 vault sentinels
  An elf zombie (Vaults:5)
  A stone giant skeleton (Crypt:3)
  A titan simulacrum (Crypt:2)
  An eye of devastation (shapeshifter) (Elf:3)
  4 merfolk sirens
  34 moths of wrath
  A draconian skeleton (Crypt:3)
  7 guardian serpents
  50 black mambas
  15 water nymphs
  2 rust devils (Depths:2)
  21 cane toads
  12 elephants
  2 gargoyles
  9 apocalypse crabs
  8 torpor snails
  5 orange demons
  19 naga magi
  A yaktaur zombie (Vaults:1)
  3 unseen horrors (Depths:3)
  9 smoke demons
  A dire elephant skeleton (Crypt:1)
  56 yaktaurs
  7 rime drakes
  A centaur skeleton (Crypt:3)
  9 freezing wraiths
  2 demonic crawlers (Zig:23)
  5 hellions
  A yaktaur (shapeshifter) (Vaults:5)
  3 naga skeletons
  6 tormentors
  A white draconian zombie (Crypt:1)
  A sea snake zombie (Crypt:3)
  An efreet (D:14)
  12 komodo dragons
  6 hellwings
  A swamp worm zombie (Crypt:2)
  3 tengu conjurers
  A red draconian skeleton (Crypt:3)
  8 ancient zymes (Zig:27)
  5 guardian mummies (Zig:12)
  2 ice devils
  A red devil (Zig:23)
  6 meliai
  A queen bee (Lair:4)
  8 trolls
  7 wind drakes
  A sea snake skeleton (Crypt:1)
  A bloated husk (Zig:13)
  A silent spectre (Zig:27)
  2 golden dragon simulacra
  41 merfolk
  A harpy zombie (Crypt:1)
  2 wind drakes (shapeshifter)
  A death drake zombie (Crypt:2)
  12 tyrant leeches
  6 polar bears
  13 large abominations
  A shadow dragon simulacrum (Zig:12)
  4 harpy skeletons
  25 hornets
  The ghost of leafyfresh the Covert, an amateur OpDe (D:6)
  2 raiju (Zig:27)
  13 snapping turtles
  A stone giant simulacrum (Crypt:2)
  88 slime creatures
  11 blink frogs
  A boulder beetle zombie (Crypt:2)
  A centaur simulacrum (Crypt:2)
  47 starcursed masses (Zig:27)
  An ice dragon zombie (Crypt:2)
  Sigmund (D:2)
  9 flying skulls
  A shadow (Zig:27)
  2 air elementals (Elf:1)
  4 ynoxinuls
  4 wraiths
  An alligator snapping turtle simulacrum (Crypt:2)
  8 wyverns
  An ushabti (Zig:12)
  6 fire elementals
  8 basilisks
  20 water elementals
  A golden eye (Slime:5)
  A golden eye (shapeshifter) (Vaults:5)
  A yak (shapeshifter) (Vaults:5)
  28 yaks
  A redback (shapeshifter) (Vaults:5)
  17 vampire mosquitoes
  A black mamba skeleton (Crypt:3)
  4 neqoxecs
  5 steam dragons
  7 hogs (Elf:1)
  5 wargs
  An elf simulacrum (Vaults:1)
  A glowing shapeshifter zombie (Zig:12)
  10 redbacks
  Menkaure (D:6)
  2 human zombies
  6 acid dragons
  A harpy simulacrum (Crypt:2)
  41 nagas
  An acid dragon (shapeshifter) (Vaults:5)
  A naga (shapeshifter) (Zig:25)
  2 naga zombies (Crypt:2)
  18 swamp worms
  20 water moccasins
  A hydra simulacrum (Crypt:2)
  2 floating eyes (Depths:3)
  9 swamp drakes
  24 orc warriors
  A glowing shapeshifter skeleton (Crypt:3)
  A fire bat skeleton (Crypt:2)
  2 hell hounds
  2 ice beasts
  A sky beast (D:5)
  2 black bears
  A hornet zombie (Crypt:1)
  4 ogres (Orc:2)
  An orc zombie (Vaults:1)
  6 wolves
  A tengu (Lair:5)
  8 small abominations (Depths:3)
  6 centaurs
  2 blink frog skeletons
  An elephant skeleton (Crypt:1)
  A draconian zombie (Crypt:2)
  5 kobold brigands
  13 bullfrogs
  A wyvern zombie (Crypt:2)
  3 earth elementals
  8 necrophages
  A scorpion (D:5)
  A yaktaur skeleton (Crypt:3)
  A human skeleton (Vaults:4)
  20 wights
  34 killer bees
  A troll zombie (Crypt:3)
  11 howler monkeys
  3 electric eels
  2 lava snakes (D:8)
  14 jellies
  4 hounds
  28 orc priests
  A gnoll bouda (D:8)
  6 iguanas
  A basilisk skeleton (Crypt:1)
  25 orc wizards
  An ogre zombie (Crypt:2)
  8 mummies (Zig:12)
  Robin (D:2)
  3 gnolls (D:8)
  4 adders
  A white imp (D:7)
  An iguana zombie (Crypt:2)
  A dart slug (D:1)
  77 orcs
  5 ball pythons
  9 bats
  12 endoplasms
  4 giant cockroaches
  17 goblins
  7 hobgoblins
  5 quokkas
  4 frilled lizards
  31 kobolds
  6 rats
  9 briar patches (Swamp:4)
  2 starspawn tentacles (Zig:27)
3179 creatures vanquished.

Vanquished Creatures (collateral kills)
  A caustic shrike (shapeshifter) (Zig:25)
  A pandemonium lord (Zig:1)
  A Tzitzimitl (Zig:23)
  Jorgrun (Orc:1)
  A lich (Crypt:2)
  An acid blob (Slime:5)
  A sphinx (Depths:3)
  A storm dragon (Zot:4)
  A shadow dragon (Vaults:5)
  3 draconian monks
  A rockslime (Slime:4)
  A revenant (Crypt:1)
  A fenstrider witch (shapeshifter) (Zig:25)
  2 draconian knights
  A draconian scorcher (Zot:3)
  A cacodemon (Zig:23)
  2 vault wardens (Vaults:5)
  A draconian shifter (Zig:24)
  A quicksilver ooze (Slime:5)
  A stone giant (Depths:1)
  2 very ugly things (Depths:2)
  A purple draconian (Zot:2)
  A yellow draconian (Zot:5)
  A white draconian (Zig:24)
  3 black draconians
  A dire elephant (Zig:20)
  An ettin (Depths:1)
  A mummy priest (Zig:12)
  A catoblepas (Zig:20)
  A thrashing horror (Zig:27)
  A vampire mage (Crypt:1)
  A skeletal warrior (Crypt:1)
  An ironbound convoker (Vaults:5)
  A harpy (Zig:22)
  A phantasmal warrior (Crypt:3)
  A deep elf zephyrmancer (Elf:2)
  A stone giant zombie (Vaults:5)
  2 slime creatures
  An eye of devastation (Slime:3)
  A stone giant skeleton (Crypt:1)
  A komodo dragon (Zig:20)
  An ice devil (Zig:23)
  An ettin zombie (Crypt:1)
  2 large abominations
  A water elemental (Depths:2)
  A wraith (Crypt:1)
  A chaos spawn (Zig:15)
  A neqoxec (Zig:27)
  A naga (Zig:9)
  A water moccasin (Zig:20)
  A floating eye (shapeshifter) (Zig:15)
  A water nymph skeleton (Crypt:1)
  A wolf (Zig:20)
  A necrophage (Crypt:3)
  A wight (Crypt:3)
  2 killer bees (D:7)
  14 starcursed masses (Zig:27)
  A mummy (Zig:12)
  An iguana skeleton (Crypt:1)
82 creatures vanquished.

Vanquished Creatures (others)
  A pandemonium lord (Zig:25)
  A Killer Klown (Zig:25)
  An azure jelly (shapeshifter) (Zig:25)
  2 very ugly things (Zig:25)
  A deep elf knight (Elf:1)
  An ugly thing (Zig:25)
  An eye of devastation (shapeshifter) (Zig:25)
  An apocalypse crab (Zig:25)
  A wind drake (Zig:22)
  A naga simulacrum (Crypt:2)
  A yak (shapeshifter) (Zig:25)
  A bullfrog (shapeshifter) (Zig:25)
  A killer bee (D:9)
  An orc wizard (D:9)
  An orc (D:9)
  A butterfly (Lair:5)
  2 demonic plants (Gauntlet)
  1094 fire vortices
  16 foxfires
  130 fulminant prisms
  45 fungi
  92 plants
  10 starspawn tentacles (Zig:27)
  8 withered plants (Crypt:3)
1414 creatures vanquished.

Grand Total: 4675 creatures vanquished

Notes
Turn   | Place    | Note
-------+----------+-------------------------------------------
     0 | D:1      | TittyCrusher the Draconian Conjurer began the quest for the
                  | Orb.
     0 | D:1      | Reached XP level 1. HP: 14/14 MP: 3/3
   246 | D:1      | Reached XP level 2. HP: 5/20 MP: 1/5
   287 | D:1      | Learned a level 2 spell: Searing Ray
   540 | D:1      | Found a faded altar of an unknown god.
  1238 | D:1      | Reached XP level 3. HP: 26/26 MP: 4/7
  1690 | D:2      | Noticed Jessica
  1793 | D:2      | Learned a level 3 spell: Dazzling Flash
  1826 | D:2      | Noticed Robin
  1909 | D:2      | Killed Robin
  2059 | D:2      | Noticed Sigmund
  2221 | D:2      | Reached XP level 4. HP: 33/33 MP: 5/10
  2631 | D:3      | Found Zes Lida's Distillery.
  2646 | D:3      | Bought a potion of curing for 42 gold pieces
  2646 | D:3      | Bought a potion of lignification for 42 gold pieces
  2646 | D:3      | Bought a potion of brilliance for 56 gold pieces
  3107 | D:3      | Learned a level 4 spell: Fulminant Prism
  3463 | D:4      | Reached skill level 1 in Hexes
  3592 | D:4      | Reached XP level 5. HP: 9/38 MP: 4/11
  4384 | D:4      | You fall into a shaft and drop 1 floor!
  4384 | D:5      | Entered Level 5 of the Dungeon
  4585 | D:5      | Found Ceimp's Armour Emporium.
  4635 | D:5      | Found a basalt altar of Yredelemnul.
  4731 | D:5      | Reached skill level 5 in Conjurations
  4731 | D:5      | Reached XP level 6. HP: 45/45 MP: 6/12
  4826 | D:5      | Found a staircase to the Ecumenical Temple.
  4833 | Temple   | Entered the Ecumenical Temple
  4838 | Temple   | Became a worshipper of Vehumet
  5517 | D:5      | Found a sparkling altar of Nemelex Xobeh.
  5615 | D:5      | Your scales start taking on a rich purple colour.
  5615 | D:5      | Reached skill level 5 in Spellcasting
  5615 | D:5      | Reached XP level 7. HP: 45/50 MP: 12/15
  6417 | D:2      | Killed Sigmund
  6425 | D:2      | Gained mutation: You are weak. (Str -2) [potion of
                  | mutation]
  6425 | D:2      | Gained mutation: Your spells are a little easier to cast,
                  | but a little less powerful. [potion of mutation]
  6425 | D:2      | Lost mutation: Your spells are a little easier to cast, but
                  | a little less powerful. [potion of mutation]
  6704 | D:5      | Learned a level 4 spell: Iskenderun's Mystic Blast
  6920 | D:6      | Reached XP level 8. HP: 48/57 MP: 16/16
  6982 | D:6      | Found a runed translucent gate.
  6983 | D:6      | Found a runed translucent gate.
  6985 | D:6      | Found a runed translucent gate.
  6987 | D:6      | Noticed leafyfresh's ghost (amateur OpDe)
  7048 | D:6      | Found Cineut's Overcharged Wands.
  7315 | D:6      | Noticed Menkaure
  7320 | D:6      | Killed Menkaure
  7512 | D:6      | Reached * piety under Vehumet
  7512 | D:6      | Offered knowledge of Sandblast by Vehumet.
  7616 | D:6      | Reached skill level 10 in Conjurations
  8293 | D:7      | Noticed a gargoyle
  8414 | D:7      | Reached XP level 9. HP: 62/62 MP: 6/17
  8620 | D:6      | Reached skill level 5 in Hexes
  8716 | D:6      | Reached skill level 1 in Translocations
  9378 | D:7      | Killed a gargoyle
  9379 | D:7      | Reached skill level 5 in Translocations
  9562 | D:8      | Offered knowledge of Scorch by Vehumet.
  9563 | D:8      | Reached ** piety under Vehumet
  9564 | D:8      | Reached skill level 2 in Fighting
  9718 | D:7      | Reached skill level 3 in Fighting
  9818 | D:8      | Reached skill level 4 in Fighting
  9972 | D:8      | Found a stormy altar of Qazlal.
 10125 | D:8      | Reached skill level 5 in Fighting
 10231 | D:8      | Found an iron altar of Okawaru.
 10241 | D:8      | Found a glowing silver altar of Zin.
 10256 | D:8      | Found an opulent altar of Gozag.
 10271 | D:8      | Reached XP level 10. HP: 81/81 MP: 13/18
 10443 | D:8      | Noticed an orange crystal statue
 10763 | D:8      | Found a staircase to the Lair.
 10763 | D:8      | Noticed a fire dragon
 10888 | Lair:1   | Entered Level 1 of the Lair of Beasts
 10962 | Lair:1   | Noticed a cane toad
 10971 | Lair:1   | Killed a cane toad
 10974 | Lair:1   | Noticed a boulder beetle
 10993 | D:8      | Offered knowledge of Frozen Ramparts by Vehumet.
 10999 | D:8      | Learned a level 3 spell: Frozen Ramparts
 11058 | D:9      | Reached skill level 1 in Ice Magic
 11139 | D:9      | Reached *** piety under Vehumet
 11598 | D:9      | Paralysed by a hornet for 2 turns
 11599 | D:9      | Offered knowledge of Conjure Flame by Vehumet.
 12025 | D:9      | Found a staircase to the Orcish Mines.
 12102 | D:9      | Noticed a two-headed ogre
 12111 | D:9      | Killed a two-headed ogre
 12338 | D:10     | Entered Level 10 of the Dungeon
 12399 | D:10     | Reached **** piety under Vehumet
 12516 | D:10     | Reached XP level 11. HP: 86/86 MP: 20/24
 12538 | D:10     | Found Ajigh's Weapon Boutique.
 12673 | D:10     | Found a broken altar of Ashenzari.
 12878 | D:5      | Bought the -2 hat of the Alchemist {rElec rPois rF+ rC+ rN+
                  | Will+ rMut rCorr} for 519 gold pieces
 12878 | D:5      | Found the -2 hat of the Alchemist {rElec rPois rF+ rC+ rN+
                  | Will+ rMut rCorr}
 12902 | D:5      | Learned a level 4 spell: Hailstorm
 13120 | D:8      | Killed a fire dragon
 13120 | D:8      | Offered knowledge of Yara's Violent Unravelling by Vehumet.
 13704 | D:10     | Reached skill level 5 in Dodging
 14188 | D:10     | Noticed a two-headed ogre
 14207 | D:10     | Killed a two-headed ogre
 14544 | Lair:1   | Noticed a five-headed hydra
 14869 | D:11     | Noticed a boulder beetle
 15164 | D:11     | Noticed a two-headed ogre
 15185 | D:11     | Killed a two-headed ogre
 15769 | D:3      | Bought a potion of haste for 140 gold pieces
 16611 | D:12     | Learned a level 3 spell: Swiftness
 16631 | D:12     | Reached skill level 1 in Air Magic
 16634 | D:12     | Noticed a six-headed hydra
 16706 | D:12     | Noticed a red ugly thing
 16746 | D:12     | Killed a red ugly thing
 16926 | D:12     | Killed a six-headed hydra
 17010 | D:12     | Reached XP level 12. HP: 94/94 MP: 18/25
 17533 | Lair:1   | Killed a boulder beetle
 17534 | Lair:1   | Reached skill level 6 in Fighting
 17535 | Lair:1   | Killed a five-headed hydra
 17536 | Lair:1   | Reached skill level 7 in Fighting
 18070 | Lair:1   | Noticed a catoblepas
 18079 | Lair:1   | Killed a catoblepas
 18080 | Lair:1   | Reached skill level 8 in Fighting
 18413 | Lair:1   | Reached skill level 9 in Fighting
 18796 | Lair:2   | Reached skill level 10 in Spellcasting
 18955 | Lair:2   | Found a staircase to the Snake Pit.
 19054 | Lair:2   | Found a staircase to the Swamp.
 20146 | Lair:3   | Identified the +3 leather armour of the Realm of Zot {rElec
                  | rC+ Str+4 Dex-5}
 20208 | Lair:2   | Learned a level 3 spell: Stone Arrow
 20309 | Lair:3   | Reached skill level 1 in Earth Magic
 20553 | Lair:3   | Reached XP level 13. HP: 99/111 MP: 7/28
 22325 | Lair:4   | Reached ***** piety under Vehumet
 22325 | Lair:4   | Offered knowledge of Flame Wave by Vehumet.
 22613 | Lair:4   | Learned a level 4 spell: Flame Wave
 22678 | Lair:5   | Entered Level 5 of the Lair of Beasts
 22686 | Lair:5   | Reached skill level 1 in Fire Magic
 22842 | Lair:5   | Noticed Nessos
 22844 | Lair:5   | Noticed Nessos
 22844 | Lair:5   | Nessos changed into Nessos the tengu
 22866 | Lair:5   | Killed Nessos the tengu
 23406 | Lair:5   | Reached skill level 5 in Fire Magic
 23920 | Lair:5   | Found a runed translucent door.
 24251 | Lair:5   | Found a viscous altar of Jiyva.
 24251 | Lair:5   | Found a staircase to the Slime Pits.
 24322 | Lair:5   | Reached XP level 14. HP: 68/118 MP: 25/32
 24324 | Lair:5   | Offered knowledge of Ozocubu's Refrigeration by Vehumet.
 26248 | Lair:5   | Reached skill level 5 in Ice Magic
 26399 | Lair:5   | Learned a level 7 spell: Ozocubu's Refrigeration
 26858 | Orc:1    | Entered Level 1 of the Orcish Mines
 27019 | Orc:1    | Noticed Jorgrun
 27030 | Orc:1    | Killed Jorgrun
 27184 | Orc:2    | Entered Level 2 of the Orcish Mines
 27193 | Orc:2    | Offered knowledge of Freezing Cloud by Vehumet.
 27391 | Orc:2    | Learned a level 5 spell: Freezing Cloud
 27403 | Orc:2    | Found a staircase to the Elven Halls.
 28114 | Orc:2    | Reached skill level 15 in Spellcasting
 28257 | Orc:2    | Found Dimiuruk's General Store.
 28275 | Orc:2    | Found Hioth's Antique Armour Emporium.
 28280 | Orc:2    | Found Tetid's General Store.
 28282 | Orc:2    | Found Foanor's General Store.
 28394 | Orc:2    | Bought an amulet of regeneration for 480 gold pieces
 28407 | Orc:2    | Bought a pair of embroidered gloves for 240 gold pieces
 28409 | Orc:2    | Bought a pair of embroidered gloves for 240 gold pieces
 28434 | Orc:2    | Bought a scroll of magic mapping for 120 gold pieces
 28444 | Orc:2    | Bought a potion of haste for 140 gold pieces
 28456 | Orc:2    | Bought a potion of invisibility for 120 gold pieces
 28792 | D:13     | Found a gate leading to a gauntlet.
 28832 | Gauntlet | Entered a Gauntlet
 28832 | Gauntlet | Found a transporter.
 28832 | Gauntlet | Found a transporter.
 28887 | Gauntlet | Found a transporter.
 28887 | Gauntlet | Found a transporter.
 28889 | Gauntlet | Found a transporter.
 28897 | Gauntlet | Found a transporter.
 28964 | Gauntlet | Found a transporter.
 28980 | Gauntlet | Found a transporter.
 28989 | Gauntlet | Found a transporter.
 29004 | Gauntlet | Found a transporter.
 29014 | Gauntlet | Found a transporter.
 29020 | Gauntlet | Found a transporter.
 29170 | Gauntlet | Identified the amulet "Reamah" {RegenMP Fragile Regen+
                  | Str-2 SInv}
 29222 | Gauntlet | Identified the ring of Igev {rF- rN+ Str+7 Int+6}
 29238 | Gauntlet | Identified the +4 chain mail of True Grit {Will+ Int+2
                  | Dex+3 Slay-3}
 29268 | Gauntlet | Got Sif Muna's Folio of the Topological Entourage
 29273 | Gauntlet | Learned a level 2 spell: Blink
 29413 | D:13     | Found an iron altar of Okawaru.
 29451 | D:13     | Reached XP level 15. HP: 98/124 MP: 28/34
 30164 | D:14     | Identified the +1 glaive of the Endless March {chaos, rN+
                  | Int-3 SInv Stlth+}
 30241 | D:14     | Offered knowledge of Spellforged Servitor by Vehumet.
 30478 | D:14     | Reached skill level 10 in Ice Magic
 30864 | D:14     | Found a gate to the Vaults.
 31055 | D:15     | Entered Level 15 of the Dungeon
 31328 | D:15     | Found a portal to a secret trove of treasure.
 31408 | D:15     | Found a staircase to the Depths.
 32276 | Snake:1  | Entered Level 1 of the Snake Pit
 32467 | Snake:1  | Found Norola Lugit's Jewellery Emporium.
 32472 | Snake:1  | Found Fad Gym's Jewellery Emporium.
 32863 | Snake:1  | Offered knowledge of Iron Shot by Vehumet.
 33501 | Snake:2  | Noticed Aizul
 33505 | Snake:2  | Killed Aizul
 33506 | Snake:2  | Reached XP level 16. HP: 109/132 MP: 17/36
 33666 | Snake:2  | Found the +7 staff of the Meek {protect, meekguard}
 33669 | Snake:2  | Noticed billybob123456's ghost (journeyman MiMo)
 33674 | Snake:2  | Found a runed translucent gate.
 33674 | Snake:2  | Found a runed translucent gate.
 33748 | Snake:2  | Reached skill level 10 in Dodging
 33798 | Snake:2  | Noticed Agnes
 33812 | Snake:2  | Killed Agnes
 33920 | Snake:2  | Found Upifufeu's Book Shoppe.
 33922 | Snake:2  | Found Yciukuta's Assorted Antiques.
 33922 | Snake:2  | Found Qofaimehoa's General Store.
 33927 | Snake:2  | Found Doimies's Book Emporium.
 33955 | Snake:2  | Found a runed translucent gate.
 34595 | Snake:3  | Identified the +4 scale mail of Jiptig {Dex+2}
 35220 | Snake:4  | Entered Level 4 of the Snake Pit
 36195 | Snake:4  | Got a serpentine rune of Zot
 36484 | Swamp:1  | Entered Level 1 of the Swamp
 36593 | Swamp:1  | Reached ****** piety under Vehumet
 37355 | Swamp:2  | Reached XP level 17. HP: 137/137 MP: 32/41
 37428 | Swamp:2  | Noticed Louise
 37433 | Swamp:2  | Killed Louise
 37592 | Swamp:2  | Offered knowledge of Iskenderun's Battlesphere by Vehumet.
 37730 | Swamp:2  | Learned a level 6 spell: Statue Form
 37736 | Swamp:2  | Learned a level 5 spell: Iskenderun's Battlesphere
 37961 | Swamp:3  | Reached skill level 1 in Transmutations
 38129 | Swamp:3  | Reached skill level 5 in Earth Magic
 38505 | Swamp:3  | Found a radiant altar of Vehumet.
 38611 | Swamp:4  | Entered Level 4 of the Swamp
 38824 | Swamp:4  | Reached skill level 5 in Transmutations
 39034 | Swamp:4  | Offered knowledge of Ignition by Vehumet.
 39343 | Swamp:4  | Noticed the 27-headed Lernaean hydra
 39348 | Swamp:4  | Killed the 27-headed Lernaean hydra
 39727 | Swamp:4  | Got a decaying rune of Zot
 40026 | Elf:1    | Entered Level 1 of the Elven Halls
 40026 | Elf:1    | Found the macabre finger necklace {rN+}
 40072 | Elf:1    | Reached skill level 1 in Shields
 40125 | Elf:1    | Reached XP level 18. HP: 145/145 MP: 26/42
 40439 | Elf:1    | Noticed Kirke
 40452 | Elf:1    | Killed Kirke
 40535 | Elf:1    | Reached skill level 5 in Shields
 40580 | Elf:1    | Paralysed by an air elemental for 1 turns
 41415 | Elf:2    | Identified the +5 ring mail of Hepliaklqana's Whim {Dex+5}
 41459 | Elf:2    | Offered knowledge of Lehudib's Crystal Spear by Vehumet.
 41459 | Elf:2    | Offered knowledge of Fire Storm by Vehumet.
 41459 | Elf:2    | Offered knowledge of Shatter by Vehumet.
 41768 | Elf:2    | Found Bukoet's Book Shop.
 41831 | Elf:2    | Found a runed translucent gate.
 41832 | Elf:2    | Found a runed translucent gate.
 41832 | Elf:2    | Found a runed translucent gate.
 41874 | Elf:3    | Entered Level 3 of the Elven Halls
 42222 | Elf:3    | Reached skill level 10 in Earth Magic
 42233 | Elf:3    | Learned a level 9 spell: Fire Storm
 42689 | Elf:2    | Found a shimmering blue altar of Sif Muna.
 42764 | Elf:3    | Identified the +1 robe "Sagaor" {rC+}
 42765 | Elf:3    | Identified the +6 plate armour of the Wheelwright {Rampage
                  | rPois SInv Stlth+}
 42777 | Elf:3    | Reached skill level 10 in Fire Magic
 43006 | Elf:3    | Reached XP level 19. HP: 151/151 MP: 43/43
 43150 | Elf:3    | Identified the ring "Iroyr" {Ice Contam rPois rCorr Int-5}
 43206 | Elf:3    | Identified the +7 rapier "Liopiw" {freeze, +Blink rPois rF-
                  | Str+6}
 43232 | Elf:3    | Reached XP level 20. HP: 158/158 MP: 41/44
 43236 | Elf:3    | Identified the +10 dagger of Uwnemmox {vorpal, Str+4 Dex+3
                  | Stlth+}
 43237 | Elf:3    | Identified the +1 robe of the Stag {+Blink Regen+ Slay+3}
 43299 | Elf:3    | Identified the +8 spear of Ointment {protect, SInv}
 43589 | Vaults:1 | Entered Level 1 of the Vaults
 43644 | Vaults:1 | Identified the +5 sling "Xyoper" {venom, rN++ Int+3}
 44197 | Vaults:1 | Identified a scroll of acquirement
 44265 | Vaults:1 | Acquired a +4 ring of evasion
 44301 | Vaults:1 | You fall into a shaft and drop 1 floor!
 45454 | Vaults:2 | Reached skill level 15 in Conjurations
 45539 | Vaults:2 | Noticed Asterion
 45545 | Vaults:2 | Killed Asterion
 46010 | Vaults:2 | Noticed Xtahua
 46018 | Vaults:2 | Killed Xtahua
 47243 | Vaults:3 | Identified the +6 arbalest of Mana {elec, rElec Will+
                  | Int+5}
 47376 | Vaults:3 | Reached XP level 21. HP: 163/165 MP: 45/45
 47423 | Vaults:3 | Noticed Mara
 47429 | Vaults:3 | Killed Mara
 47883 | Vaults:3 | Found a staircase to the Crypt.
 47883 | Vaults:3 | Found a basalt altar of Yredelemnul.
 47884 | Vaults:3 | Found an ancient bone altar of Kikubaaqudgha.
 47976 | Vaults:3 | Reached skill level 15 in Fire Magic
 49022 | Vaults:4 | Identified the +2 scale mail of Polytheism {Dex+6 Slay-3}
 50484 | Snake:1  | Bought a ring of wizardry for 390 gold pieces
 51037 | Crypt:1  | Entered Level 1 of the Crypt
 51105 | Crypt:1  | Identified the +7 trident of a wizard's laboratory {pain,
                  | Str+4}
 51919 | Crypt:2  | Noticed Donald
 51921 | Crypt:2  | Reached XP level 22. HP: 172/172 MP: 17/46
 51921 | Crypt:2  | Killed Donald
 51986 | Crypt:2  | Identified the ring "Laczuota" {Ice Int-3 Dex+3}
 51986 | Crypt:2  | Noticed Josephina
 51988 | Crypt:2  | Killed Josephina
 52148 | Crypt:2  | Noticed Bai Suzhen
 52151 | Crypt:2  | Killed Bai Suzhen
 52372 | Crypt:2  | Found the +6 Majin-Bo {vamp, MP+6 Int+6}
 53058 | Crypt:3  | Entered Level 3 of the Crypt
 53143 | Crypt:3  | Found a staircase to the Tomb.
 53398 | Crypt:3  | Noticed a curse toe
 53405 | Crypt:3  | Killed a curse toe
 54317 | Crypt:3  | Identified the +7 dagger of the Five Ziggurats {speed,
                  | *Noise Fly Int+5}
 54425 | Crypt:3  | Noticed an ancient lich
 54428 | Crypt:3  | Killed an ancient lich
 54659 | Crypt:3  | Identified the +0 helmet "Opetor" {*Corrode Fly rF+ Str+4}
 54661 | Crypt:3  | Identified the +3 dagger of Corporal Punishment {vorpal,
                  | rElec rCorr Int+4}
 54826 | Vaults:5 | Entered Level 5 of the Vaults
 54842 | Vaults:5 | Reached XP level 23. HP: 153/178 MP: 47/47
 54958 | Vaults:5 | Got the Textbook on Hindering Striking
 54970 | Vaults:5 | Identified the +8 spear of Ragnarok {vorpal, Dex+5}
 55058 | Vaults:5 | Noticed a dread lich
 55061 | Vaults:5 | Killed a dread lich
 55145 | Vaults:5 | Identified the +7 great mace of Indomitability {flame,
                  | Will+ Str+3 Int+3}
 55285 | Vaults:5 | Noticed an ancient lich
 55291 | Vaults:5 | Killed an ancient lich
 55343 | Vaults:5 | Noticed Jory
 55347 | Vaults:5 | Killed Jory
 55460 | Vaults:5 | Identified the +8 battleaxe "Spiderslayer" {vorpal, rCorr
                  | Int+4}
 55840 | Vaults:5 | Got a silver rune of Zot
 55845 | Vaults:5 | Identified the +9 whip "Omelette" {venom, Dex+2}
 56970 | Orc:2    | Bought a shiny kite shield for 240 gold pieces
 57210 | Depths:1 | Entered Level 1 of the Depths
 57264 | Depths:1 | Found a one-way gateway to a ziggurat.
 57307 | Depths:1 | Found a one-way gate leading to the halls of Pandemonium.
 57346 | Depths:1 | Found a blossoming altar of Fedhas.
 58132 | Depths:1 | Reached XP level 24. HP: 180/185 MP: 34/47
 58165 | Depths:1 | Found a one-way gate to the infinite horrors of the Abyss.
 58431 | Depths:1 | Found a gateway to Hell.
 58570 | Zig:1    | Entered Level 1 of a ziggurat
 58570 | Zig:1    | Noticed Suurch the pandemonium lord
 58572 | Zig:1    | Killed Suurch the pandemonium lord
 58610 | Zig:2    | Entered Level 2 of a ziggurat
 58622 | Zig:2    | Identified the amulet "Tomim Ohul" {Reflect Fly Str-3 SH+5
                  | SInv}
 58623 | Zig:2    | Identified the +6 morningstar "Veveb" {vorpal, rElec rN+
                  | Str+4 Int+2 Stlth-}
 58629 | Zig:3    | Entered Level 3 of a ziggurat
 58630 | Zig:3    | Noticed Fereezof the pandemonium lord
 58634 | Zig:3    | Killed Fereezof the pandemonium lord
 58682 | Zig:4    | Entered Level 4 of a ziggurat
 58685 | Zig:4    | Noticed Rieciewe the pandemonium lord
 58687 | Zig:4    | Killed Rieciewe the pandemonium lord
 58716 | Zig:4    | Learned a level 9 spell: Shatter
 58719 | Zig:5    | Entered Level 5 of a ziggurat
 58752 | Zig:6    | Entered Level 6 of a ziggurat
 58770 | Zig:6    | Identified the +1 helmet "Somoiv" {rPois rCorr Dex-5}
 58780 | Zig:6    | Identified the +0 cloak of Ysme {Fly rElec Int+4 Dex-3}
 58794 | Zig:7    | Entered Level 7 of a ziggurat
 58833 | Zig:8    | Entered Level 8 of a ziggurat
 58944 | Zig:9    | Entered Level 9 of a ziggurat
 58971 | Zig:9    | Identified the amulet "Gozuic" {Faith rF+ MP+9}
 58989 | Zig:10   | Entered Level 10 of a ziggurat
 59024 | Zig:10   | Identified the amulet of New Discoveries {Fly Regen+ Str+3
                  | Int+6 Slay-4}
 59040 | Zig:10   | Identified the +2 trident of the Destroying Shark {vorpal,
                  | rC- rCorr Int+2 Dex+3}
 59051 | Zig:11   | Entered Level 11 of a ziggurat
 59127 | Zig:12   | Entered Level 12 of a ziggurat
 59139 | Zig:12   | Noticed a royal mummy
 59141 | Zig:12   | Noticed a royal mummy
 59142 | Zig:12   | Killed a royal mummy
 59142 | Zig:12   | Killed a royal mummy
 59183 | Zig:12   | Identified the +0 cloak of Reemah {Will- rCorr Int+9}
 59186 | Zig:12   | Identified the +4 short sword of Tortfeasance {drain,
                  | Fragile +Blink rF++ SInv}
 59204 | Zig:13   | Entered Level 13 of a ziggurat
 59220 | Zig:13   | Reached skill level 15 in Earth Magic
 59261 | Zig:13   | Identified the +5 chain mail of Weirdness {rPois rCorr
                  | Int-2}
 59273 | Zig:14   | Entered Level 14 of a ziggurat
 59281 | Zig:14   | Noticed a shard shrike
 59282 | Zig:14   | Killed a shard shrike
 59297 | Zig:14   | Found the +3 Mad Mage's Maulers {Infuse+∞ RegenMP Int-3}
 59315 | Zig:14   | Identified the amulet "Hoimam" {Faith -Tele Harm rN+ Int+4}
 59354 | Zig:15   | Entered Level 15 of a ziggurat
 59362 | Zig:15   | Noticed a Killer Klown
 59364 | Zig:15   | Killed a Killer Klown
 59364 | Zig:15   | Noticed a Killer Klown
 59366 | Zig:15   | Noticed Omniatt the pandemonium lord
 59367 | Zig:15   | Killed Omniatt the pandemonium lord
 59367 | Zig:15   | Killed a Killer Klown
 59367 | Zig:15   | Noticed Pahomn the pandemonium lord
 59368 | Zig:15   | Reached XP level 25. HP: 192/192 MP: 47/47
 59368 | Zig:15   | Killed a Killer Klown
 59368 | Zig:15   | Killed a Killer Klown
 59368 | Zig:15   | Noticed Nyisipp the pandemonium lord
 59369 | Zig:15   | Killed Pahomn the pandemonium lord
 59371 | Zig:15   | Killed Nyisipp the pandemonium lord
 59372 | Zig:15   | Noticed Piojoe the pandemonium lord
 59374 | Zig:15   | Killed Piojoe the pandemonium lord
 59386 | Zig:15   | Found the +5 scythe "Finisher" {speed, eviscerate}
 59392 | Zig:15   | Identified the +3 ring mail of Defence {Dex+3}
 59405 | Zig:15   | Reached XP level 26. HP: 199/199 MP: 47/47
 59410 | Zig:15   | Identified the +3 arbalest "Tilabbeu" {freeze, Int+6}
 59416 | Zig:15   | Got the Monograph on Vapour and the Ground
 59425 | Zig:15   | Identified the +0 leather armour of Wonder {rPois rC-
                  | Dex+9}
 59427 | Zig:15   | Identified the +0 ring mail of Ytueca {rF+ rN+ Dex-4}
 59431 | Zig:15   | Identified the +7 mace of Xiamufex {vamp, *Rage rN+ Dex+8}
 59441 | Zig:16   | Entered Level 16 of a ziggurat
 59500 | Zig:16   | Got the Guide on Misery and Direction
 59501 | Zig:16   | Identified the ring "Hucw" {+Blink rC+ rN+ Str+6 Slay+3}
 59522 | Zig:16   | Reached XP level 27. HP: 205/205 MP: 47/47
 59527 | Zig:16   | Reached skill level 10 in Fighting
 59528 | Zig:16   | Identified the +2 falchion "Gossadiu" {drain, Int+3}
 59558 | Zig:17   | Entered Level 17 of a ziggurat
 59621 | Zig:17   | Identified the +1 rapier "Beastbane" {pain, Str+6 Stlth+}
 59629 | Zig:17   | Identified the ring of Wuytow {rC+ Str-4 Int+4 SInv Stlth+}
 59631 | Zig:17   | Reached skill level 15 in Dodging
 59638 | Zig:18   | Entered Level 18 of a ziggurat
 59655 | Zig:18   | Noticed an ancient lich
 59656 | Zig:18   | Killed an ancient lich
 59689 | Zig:18   | Identified the amulet "Ysaicok" {RegenMP Drain rElec rN+}
 59696 | Zig:18   | Got the Vellum of Dark Bewitchment
 59700 | Zig:18   | Identified the +6 spear "Ewekhlisk" {vorpal, +Blink rElec
                  | Stlth+}
 59721 | Zig:18   | Identified the +9 sling "Jellybane" {vorpal, Contam rN++
                  | Will+ MP+9}
 59756 | Zig:19   | Entered Level 19 of a ziggurat
 59775 | Zig:19   | Noticed a dread lich
 59777 | Zig:19   | Killed a dread lich
 59779 | Zig:19   | Noticed an ancient lich
 59780 | Zig:19   | Killed an ancient lich
 59839 | Zig:19   | Identified the +8 shortbow "Syfoh" {freeze, SInv}
 59891 | Zig:19   | Identified the +5 ring mail "Waqix" {+Inv Dex+3}
 59903 | Zig:20   | Entered Level 20 of a ziggurat
 59919 | Zig:20   | Reached skill level 11 in Fighting
 59928 | Zig:20   | Reached skill level 12 in Fighting
 59945 | Zig:20   | Reached skill level 13 in Fighting
 59966 | Zig:20   | Found the +8 arc blade {discharge, rElec}
 60012 | Zig:21   | Entered Level 21 of a ziggurat
 60034 | Zig:21   | Reached skill level 14 in Fighting
 60040 | Zig:21   | Reached skill level 15 in Fighting
 60084 | Zig:21   | Identified the +10 shortbow "Otwesal" {speed, rF+}
 60097 | Zig:21   | Identified the +4 robe of Kikubaaqudgha's Wrath {rF++ rCorr
                  | Str+4 Archmagi}
 60098 | Zig:21   | Identified the ring "Akouhaj" {MP+9 Str+2 Int+2 SInv}
 60121 | Zig:22   | Entered Level 22 of a ziggurat
 60213 | Zig:22   | Identified the +5 battleaxe of the Desert {vamp, *Rage rN+
                  | rCorr MP+9}
 60230 | Zig:22   | Identified the +9 rapier of Qoinuadi {holy, rElec rF+
                  | Dex+4}
 60270 | Zig:23   | Entered Level 23 of a ziggurat
 60295 | Zig:23   | Noticed Lice Bukh the pandemonium lord
 60302 | Zig:23   | Killed Lice Bukh the pandemonium lord
 60343 | Zig:23   | Identified the +7 hand axe "Niq Lyec" {drain, rPois rN++
                  | Str+5}
 60370 | Zig:23   | Identified the +2 hand axe "Wumeoz" {vorpal, Dex+2}
 60384 | Zig:24   | Entered Level 24 of a ziggurat
 60439 | Zig:24   | Found the +9 staff of Wucad Mu {*channel}
 60449 | Zig:24   | Identified the amulet "Nous" {Faith Harm Fragile MP+9
                  | Int+8}
 60468 | Zig:24   | Identified the +0 morningstar of Valuable Assets {vorpal,
                  | Str+4}
 60505 | Zig:25   | Entered Level 25 of a ziggurat
 60521 | Zig:25   | Noticed Puuter the pandemonium lord
 60526 | Zig:25   | Killed Puuter the pandemonium lord
 60531 | Zig:25   | Noticed Ekhliroehy the pandemonium lord
 60532 | Zig:25   | Killed Ekhliroehy the pandemonium lord
 60533 | Zig:25   | Noticed Sopniu the pandemonium lord
 60533 | Zig:25   | Noticed Xaesm the pandemonium lord
 60535 | Zig:25   | Reached skill level 5 in Stealth
 60535 | Zig:25   | Noticed Acrearedd the pandemonium lord
 60536 | Zig:25   | Noticed Heror the pandemonium lord
 60537 | Zig:25   | Killed Xaesm the pandemonium lord
 60538 | Zig:25   | Killed Sopniu the pandemonium lord
 60540 | Zig:25   | Noticed Yxifeibb the pandemonium lord
 60541 | Zig:25   | Killed Acrearedd the pandemonium lord
 60542 | Zig:25   | Killed Yxifeibb the pandemonium lord
 60542 | Zig:25   | Killed Heror the pandemonium lord
 60543 | Zig:25   | Reached skill level 10 in Stealth
 60558 | Zig:25   | Noticed Daojawao the pandemonium lord
 60559 | Zig:25   | Killed Daojawao the pandemonium lord
 60560 | Zig:25   | Killed Punysm the pandemonium lord
 60561 | Zig:25   | Noticed Iqudiur the pandemonium lord
 60562 | Zig:25   | Killed Iqudiur the pandemonium lord
 60563 | Zig:25   | Noticed Quefis the pandemonium lord
 60563 | Zig:25   | Noticed Hoerir the pandemonium lord
 60564 | Zig:25   | Killed Hoerir the pandemonium lord
 60564 | Zig:25   | Killed Diatwiu the pandemonium lord
 60564 | Zig:25   | Killed Xiytsiud the pandemonium lord
 60566 | Zig:25   | Killed Quefis the pandemonium lord
 60572 | Zig:25   | Noticed Raohan the pandemonium lord
 60573 | Zig:25   | Killed Raohan the pandemonium lord
 60606 | Zig:25   | Identified the +3 flail "Misoefab" {flame, rElec rC++ rN+}
 60608 | Zig:25   | Identified the +9 great sword "Earthworm" {vorpal, rF- rN++
                  | SInv}
 60613 | Zig:25   | Identified the ring "Lilethre" {Fire rPois Int-5 Dex+6}
 60628 | Zig:25   | Identified the +11 spear of War {flame, Fly rElec rPois
                  | Stlth-}
 60638 | Zig:26   | Entered Level 26 of a ziggurat
 60672 | Zig:26   | Reached skill level 10 in Polearms
 60693 | Zig:26   | Identified the +3 broad axe of False Hope {spect, Fragile
                  | Will+ Str+4 Dex+2}
 60699 | Zig:26   | Identified the +11 long sword of Royalism {speed, Int+4}
 60707 | Zig:26   | Reached skill level 10 in Transmutations
 60717 | Zig:26   | Learned a level 8 spell: Necromutation
 60743 | Zig:26   | Identified the +6 mace of Summoning Evisceration {venom,
                  | rElec rC+}
 60749 | Zig:26   | Acquired 915 gold pieces
 60753 | Zig:27   | Entered Level 27 of a ziggurat
 60770 | Zig:27   | Reached skill level 1 in Necromancy
 60785 | Zig:27   | Reached skill level 5 in Necromancy
 60787 | Zig:27   | Noticed a dread lich
 60789 | Zig:27   | Killed a dread lich
 60943 | Zig:27   | Identified the +0 robe of Iprebbecs {Int+3}
 60952 | Zig:27   | Identified the amulet "Zurog" {RegenMP rCorr}
 60958 | Zig:27   | Identified the +8 dire flail of Epupuwn {drain, rCorr
                  | Stlth+}
 60977 | Zig:27   | Reached skill level 10 in Necromancy
 61844 | Snake:2  | Killed billybob123456's ghost
 62098 | D:6      | Killed leafyfresh's ghost
 62330 | Elf:2    | Reached skill level 15 in Polearms
 63115 | Slime:1  | Entered Level 1 of the Pits of Slime
 63263 | Slime:4  | Gained mutation: You are frail. (-10% HP) [a shining eye]
 63294 | Slime:5  | Entered Level 5 of the Pits of Slime
 63340 | Slime:5  | Noticed the Royal Jelly
 63343 | Slime:5  | Killed the Royal Jelly
 63378 | Slime:5  | Identified the ring of Caerchoyp {rN+ MP+9}
 63382 | Slime:5  | Got a slimy rune of Zot
 63400 | Slime:5  | Identified the +1 plate armour of Impermeability {Str+2}
 63457 | Slime:5  | Got Sif Muna's Essays on Shapes and the Volcanoes
 63464 | Slime:5  | Identified the ring "Githri" {rElec Will- MP+9 Int+8}
 63882 | Depths:2 | Found a corrupted altar of Lugonu.
 64008 | Depths:2 | Found Lumor's Book Shop.
 64349 | Depths:2 | Reached skill level 10 in Shields
 64718 | Depths:3 | Noticed a juggernaut
 64722 | Depths:3 | Killed a juggernaut
 64849 | Depths:3 | Noticed an ancient lich
 64851 | Depths:3 | Killed an ancient lich
 64915 | Depths:3 | Found a runed translucent door.
 64936 | Depths:3 | Found the ring of the Mage {Wiz Archmagi}
 65124 | Depths:3 | Identified the ring of Xom's Wantonness {rN+ Str+4}
 65818 | Depths:4 | Entered Level 4 of the Depths
 66179 | Depths:4 | Found a corrupted altar of Lugonu.
 66209 | Depths:4 | Found a white marble altar of Elyvilon.
 66577 | Depths:4 | Found a gate to the Realm of Zot.
 66634 | Depths:4 | Found a glowing silver altar of Zin.
 66635 | Depths:4 | Found a glowing golden altar of the Shining One.
 66701 | Zot:1    | Entered Level 1 of the Realm of Zot
 66749 | Depths:4 | Lost mutation: You are weak. (Str -2) [potion of mutation]
 66749 | Depths:4 | Lost mutation: You are frail. (-10% HP) [potion of
                  | mutation]
 66749 | Depths:4 | Gained mutation: Your spells are a little harder to cast,
                  | but a little more powerful. [potion of mutation]
 66749 | Depths:4 | Gained mutation: You have hidden genetic potential. [potion
                  | of mutation]
 66749 | Depths:4 | Gained mutation: You are agile. (Dex +4, Str/Int -1)
                  | [potion of mutation]
 67019 | Zot:1    | Reached skill level 16 in Fighting
 67255 | Zot:1    | Identified the +2 scale mail "Ryschou" {rElec}
 67580 | Zot:2    | Reached skill level 17 in Fighting
 67846 | Zot:2    | Reached skill level 18 in Fighting
 68687 | Zot:3    | Reached skill level 19 in Fighting
 68875 | Zot:3    | You fall into a shaft and drop 1 floor!
 69021 | Zot:3    | Reached skill level 20 in Fighting
 69092 | Zot:3    | Identified the +6 plate armour "Hojor" {rC+ Int+5 Dex+4}
 69149 | Zot:3    | Identified the +9 demon whip "Zeurr" {drain, *Slow rCorr
                  | Str+4}
 69234 | Zot:3    | Identified the +5 spear "Oxteteo" {flame, SInv}
 69649 | Zot:3    | Reached skill level 21 in Fighting
 70622 | Zot:4    | Reached skill level 22 in Fighting
 70737 | Zot:5    | Entered Level 5 of the Realm of Zot
 71353 | Zot:5    | Gained mutation: You have large cloven feet. [hidden
                  | potential]
 71446 | Zot:5    | Reached skill level 23 in Fighting
 71449 | Zot:5    | Noticed an ancient lich
 71451 | Zot:5    | Killed an ancient lich
 71607 | Zot:5    | Noticed an orb of fire
 71631 | Zot:5    | Noticed an ancient lich
 71632 | Zot:5    | Killed an ancient lich
 71654 | Zot:5    | Reached skill level 24 in Fighting
 71791 | Zot:5    | Gained mutation: You are occasionally teleported next to
                  | monsters. [an orb of fire]
 71795 | Zot:5    | Killed an orb of fire
 71823 | Zot:4    | Lost mutation: You are agile. (Dex +4, Str/Int -1) [potion
                  | of mutation]
 71823 | Zot:4    | Lost mutation: You have large cloven feet. [potion of
                  | mutation]
 71823 | Zot:4    | Lost mutation: You are occasionally teleported next to
                  | monsters. [potion of mutation]
 71823 | Zot:4    | Gained mutation: You do not regenerate when monsters are
                  | visible. [potion of mutation]
 71823 | Zot:4    | Gained mutation: You have great hidden genetic potential.
                  | [potion of mutation]
 71823 | Zot:4    | Gained mutation: You occasionally lose the ability to read
                  | scrolls when taking damage. [potion of mutation]
 71824 | Zot:4    | Lost mutation: You have great hidden genetic potential.
                  | [potion of mutation]
 71824 | Zot:4    | Lost mutation: You do not regenerate when monsters are
                  | visible. [potion of mutation]
 71824 | Zot:4    | Gained mutation: Your tail ends in a venomous barb. [potion
                  | of mutation]
 71824 | Zot:4    | Gained mutation: You passively map a small area around you.
                  | [potion of mutation]
 71825 | Zot:4    | Lost mutation: Your spells are a little harder to cast, but
                  | a little more powerful. [potion of mutation]
 71825 | Zot:4    | Lost mutation: You have hidden genetic potential. [potion
                  | of mutation]
 71825 | Zot:4    | Lost mutation: You passively map a small area around you.
                  | [potion of mutation]
 71825 | Zot:4    | Gained mutation: You have sharp toenails. [potion of
                  | mutation]
 71826 | Zot:4    | Lost mutation: You occasionally lose the ability to read
                  | scrolls when taking damage. [potion of mutation]
 71826 | Zot:4    | Lost mutation: Your tail ends in a venomous barb. [potion
                  | of mutation]
 71826 | Zot:4    | Gained mutation: Your tail ends in a venomous barb. [potion
                  | of mutation]
 71826 | Zot:4    | Gained mutation: You have hidden genetic defects. [potion
                  | of mutation]
 71827 | Zot:4    | Lost mutation: You have sharp toenails. [potion of
                  | mutation]
 71827 | Zot:4    | Lost mutation: You have hidden genetic defects. [potion of
                  | mutation]
 71827 | Zot:4    | Lost mutation: Your tail ends in a venomous barb. [potion
                  | of mutation]
 71827 | Zot:4    | Gained mutation: You are somewhat resistant to further
                  | mutation. [potion of mutation]
 71827 | Zot:4    | Lost mutation: You are somewhat resistant to further
                  | mutation. [potion of mutation]
 71827 | Zot:4    | Gained mutation: Your muscles are strong. (Str +4, Int/Dex
                  | -1) [potion of mutation]
 71860 | Zot:5    | Noticed an orb of fire
 71865 | Zot:5    | Killed an orb of fire
 71876 | Zot:5    | Noticed an orb of fire
 71881 | Zot:5    | Noticed an ancient lich
 71882 | Zot:5    | Killed an orb of fire
 71882 | Zot:5    | Noticed an orb of fire
 71884 | Zot:5    | Killed an ancient lich
 71887 | Zot:5    | Killed an orb of fire
 71897 | Zot:5    | Reached skill level 25 in Fighting
 72065 | Zot:5    | Got the Orb of Zot
 72375 | D:9      | Noticed Waipn the pandemonium lord
 72409 | D:6      | Noticed Qimilaod the pandemonium lord
 72413 | D:6      | Killed Qimilaod the pandemonium lord
 72456 | D:4      | Noticed Hedur the pandemonium lord
 72518 | D:$      | Escaped with the Orb!

Illustrated notes

Levels and vault maps discovered:
D:1:      roderic_chinese_lattice_arrival, layout_basic,
          shapermc_ecumenical_altar_venn
D:2:      layout_basic, uniq_sigmund, uniq_jessica, uniq_robin
D:3:      layout_rooms, serial_shops, shop_coins
D:4:      layout_basic, kennysheep_small_square
D:5:      layout_loops_corners, nicolae_overflow_crystal_walls,
          lemuel_coloured_pillars_altar, minmay_temple_entry_junction_2,
          serial_shops, nicolae_lakefront_shop
D:6:      layout_loops_ring, ebering_ghost_rock_garden,
          nicolae_shop_overcharged_wands, uniq_menkaure
D:7:      layout_loops_ring
D:8:      layout_cave_pods, grunt_temple_overflow_open,
          nicolae_qazlal_scattered_showers, grunt_gozag_statues,
          minmay_lair_entry_lava, disabler_island
D:9:      layout_long_grid, erik_orc_2
D:10:     layout_basic, kennysheep_mini, serial_shops,
          nicolae_shop_bloodbath_and_beyond
D:11:     layout_roguey
D:12:     layout_rooms, minmay_stone_trees_small
D:13:     layout_loops_ring, gauntlet_entry_generic, okawaru_trees_1
D:14:     layout_long_grid, david_vaults_5, minivault_23,
          kennysheep_generic_room_6
D:15:     hangedman_depths_entry_try_elsewhere_first, layout_cave_pods,
          minmay_misc_feat_columns, enter_trove_2, reono_crystal_passage
Temple:   minmay_freezing_vapour_temple
Lair:1:   layout_chaotic_city, guppyfry_lair_drakes
Lair:2:   layout_chaotic_city, swamp_mist, guppyfry_snake_entry_garden,
          nicolae_lair_run_with_the_wolves
Lair:3:   layout_long_grid, chequers_serial_rivers_micro_b, grunt_megastairs_1,
          serial_bayou_shore_a, infiniplex_staircase_pool
Lair:4:   layout_layer_cave, special_room [special_room_bee],
          lemuel_fruit_fields
Lair:5:   wormcave, layout_cave_pods, guppyfry_lair_end_dragon,
          nicolae_slime_entry_slimehenge, grunt_megastairs_4,
          infiniplex_staircase_pool_2, serial_bayou_shore_b,
          serial_bayou_shore_b, lemuel_fruit_fields, uniq_nessos
Swamp:1:  layout_basic_swamp, evilmike_swamp_ruin_rubble_2
Swamp:2:  layout_falls_marsh, evilmike_swamp_ruin_house_3, uniq_louise
Swamp:3:  layout_falls_marsh, nicolae_swamp_godswood
Swamp:4:  swamp_old_school, layout_basic_swamp
Snake:1:  layout_grid_maze, nicolae_snake_gridmaze_entwining,
          nicolae_coiled_stairwell_down, minmay_shop_star
Snake:2:  layout_onion_interference, gammafunk_ghost_split, lemuel_fruit_tree,
          minmay_shoptagon, uniq_agnes, uniq_aizul
Snake:3:  layout_grid_maze
Snake:4:  minmay_snake_end_coiled, layout_gridlike
Slime:1:  layout_caves, nicolae_slime_ancient_tower_intersection
Slime:2:  layout_caves, nicolae_slime_welcoming_committee
Slime:3:  layout_caves
Slime:4:  layout_caves
Slime:5
Orc:1:    layout_caves, uniq_jorgrun
Orc:2:    st_orc_elflike, layout_caves, minmay_orc_temple_a
Elf:1:    layout_geoelf_grid, serial_aquarium, aquarium_bridge_straight
          [aquarium_subvault_bridge, aquarium_subvault_window,
          aquarium_subvault_bridge, aquarium_subvault_window],
          aquarium_bridge_island_small [aquarium_subvault_small_open,
          aquarium_subvault_balcony, aquarium_subvault_wall,
          aquarium_subvault_wall, aquarium_subvault_bridge], aquarium_window_1,
          aquarium_window_3, aquarium_view_2d, aquarium_view_2f,
          aquarium_pool_corner, minivault_28, uniq_kirke
Elf:2:    nicolae_elf_blades_crystal_corner, layout_onion_city, serial_shops,
          nicolae_stop_n_shop_1, lemuel_upstairs_altar
Elf:3:    minmay_elf_hall, layout_gridlike
Vaults:1: ontoclasm_vaults_ring_small, hangedman_vaults_river_flow,
          vaults_standard_mumra_enter_the_diamond, nicolae_vaults_network_s,
          ontoclasm_vaults_eye, st_cells, ontoclasm_vaults_twist,
          grunt_vaults_hallway_short, vaults_room_pool,
          nicolae_vaults_three_branches, dpeg_vaults_monster_box,
          vaults_dpeg_diagonal, layout_vaults_omnigrid
Vaults:2: grunt_vaults_trifunnel, hangedman_vaults_locks, v_misc_5, v_misc_28,
          nicolae_vaults_little_squares_5, v_rooms_3,
          nicolae_vaults_little_squares_1, nicolae_vaults_gold_heap,
          layout_vaults_chaotic_city, uniq_asterion, uniq_xtahua
Vaults:3: v_misc_22, hangedman_vaults_variations, vaults_dpeg_ring,
          hangedman_vaults_slice, nicolae_vaults_little_squares_1,
          minmay_crypt_entry_necro_gods, hangedman_vaults_cutoff,
          nicolae_vaults_little_squares_2, vaults_room_fours,
          ontoclasm_vaults_ligature, v_alt_pattern_5, layout_vaults_ring,
          uniq_mara
Vaults:4: v_misc_33, vaults_room_boxed, dpeg_vaults_monster_row,
          nicolae_vaults_meeting, nicolae_vaults_inception_statues,
          ontoclasm_vaults_chip, nicolae_vaults_rhombus_7,
          hangedman_vaults_cutoff, hangedman_vaults_corner,
          ontoclasm_vaults_ring_large, layout_vaults_omnicross
Vaults:5: serial_shops, uniq_jory
Crypt:1:  layout_rooms, grunt_ministairs_5
Crypt:2:  minmay_guarded_unrand_majin_bo, layout_regular_city,
          minicrypt_bobbens, uniq_josephina, uniq_donald, uniq_bai_suzhen
Crypt:3:  due_elkab, layout_chaotic_city, tomb_entry_forgotten_bobbens,
          serial_co_window_serial, co_window_corner_a, co_window_paths_a,
          co_window_of_opportunity_a, co_window_paths_b,
          co_window_of_opportunity_a, co_window_corner_a, co_window_corner_a,
          co_window_2corner, co_window_paths_c, glass_columns_a,
          glass_columns_c, glass_columns_b, minmay_misc_feat_five
Depths:1: layout_basic, enter_ziggurat_d, pan_entry, abyss_entry_crystal,
          hangedman_tar_grid_catacomb, drop_trap, fedhas_altar_3,
          serial_bayou_shore_b
Depths:2: evilmike_wizard_prison, layout_long_grid,
          kennysheep_decorative_pillar, hell_entry, serial_shops,
          nicolae_square_shop, grunt_pan_entry_zigzag, abyss_entry,
          tgw_lugonu_bribe
Depths:3: minmay_expanding_squares, layout_cave_pools,
          nicolae_concentric_dashed_squares_mild, hell_entry,
          minmay_room_of_horrors, minmay_guarded_unrand_mage,
          infiniplex_staircase_hallway_doors, serial_bayou_shore_b
Depths:4: evilmike_zot_entry_diamond, layout_cave_pools, rand_demon_pan_entry_4,
          hell_entry, good_gods_temple_1, abyss_entry_flame_altar
Zot:1:    layout_gridlike
Zot:2:    layout_onion_interference
Zot:3:    layout_twisted_circle, st_large_dragon_hoard_2
Zot:4:    layout_concentric_octagons
Zot:5:    layout_basic, st_stairs_11

Skill      XL: |  1  2  3  4  5  6  7  8  9 10 11 12 13 14 15 16 17 18 19 20 21 22 23 24 25 26 27 |
---------------+----------------------------------------------------------------------------------+-----
Spellcasting   | 3 4 5 9 11 14 15 16 20 24 | 24.0
Hexes          | 2 3 5 6 |  6.3
Conjurations   | 5 6 8 11 12 13 16 18 20 22 24 | 24.7
Translocations | 5 |  5.7
Fighting       | 5 9 25 | 25.9
Dodging        | 4 9 10 18 | 18.9
Ice Magic      | 3 8 13 | 13.0
Air Magic      | 3 |  3.6
Earth Magic    | 4 8 10 16 18 19 20 | 20.5
Fire Magic     | 8 11 14 17 19 21 22 | 22.2
Transmutations | 7 9 10 | 10.5
Shields        | 2 6 14 | 14.4
Stealth        | 14 | 14.1
Polearms       | 20 | 20.5
Necromancy     | 11 | 11.0

Action                   |  1- 3 |  4- 6 |  7- 9 | 10-12 | 13-15 | 16-18 | 19-21 | 22-24 | 25-27 || total
-------------------------+-------+-------+-------+-------+-------+-------+-------+-------+-------++-------
Melee: Spear             |     1 |       |       |       |       |       |       |       |       ||     1
       Quarterstaff      |       |    27 |       |     6 |       |       |       |       |       ||    33
       Dagger            |       |    16 |    71 |   110 |    55 |       |       |       |       ||   252
       Tailslap          |       |     3 |    12 |    21 |    13 |     1 |     9 |       |    52 ||   111
       Punch             |       |       |     1 |     2 |     2 |       |       |       |     4 ||     9
       Staff             |       |       |       |    31 |    22 |     7 |    31 |       |     7 ||    98
       Lajatang          |       |       |       |       |       |     6 |       |       |    12 ||    18
       Demon trident     |       |       |       |       |       |       |       |       |   224 ||   224
Throw: Throwing net      |       |     2 |       |       |       |       |       |       |       ||     2
       Stone             |       |       |       |     1 |     3 |       |     1 |       |       ||     5
 Cast: Magic Dart        |    77 |    59 |    31 |    24 |       |    11 |     8 |       |       ||   210
       Searing Ray       |     4 |    19 |    16 |     4 |       |       |       |       |       ||    43
       Dazzling Flash    |       |     1 |       |       |       |       |       |       |       ||     1
       Fulminant Prism   |       |       |    28 |    89 |    12 |     2 |       |       |       ||   131
       Iskenderun's Myst |       |       |     8 |    43 |    31 |       |     2 |       |    10 ||    94
       Hailstorm         |       |       |       |    60 |    33 |       |       |       |       ||    93
       Frozen Ramparts   |       |       |       |    32 |    67 |     4 |    63 |       |     1 ||   167
       Swiftness         |       |       |       |     3 |     1 |       |       |       |       ||     4
       Stone Arrow       |       |       |       |    13 |   296 |   158 |   207 |    45 |       ||   719
       Flame Wave        |       |       |       |       |    29 |       |    20 |       |       ||    49
       Freezing Cloud    |       |       |       |       |    47 |    15 |    56 |       |       ||   118
       Ozocubu's Refrige |       |       |       |       |    54 |   332 |   107 |       |       ||   493
       Blink             |       |       |       |       |       |     4 |     5 |    15 |    20 ||    44
       Statue Form       |       |       |       |       |       |    18 |    66 |    26 |     5 ||   115
       Iskenderun's Batt |       |       |       |       |       |    31 |    46 |     7 |       ||    84
       Fire Storm        |       |       |       |       |       |       |    41 |   308 |   632 ||   981
       Shatter           |       |       |       |       |       |       |       |       |    16 ||    16
 Abil: Breathe Dispellin |       |       |    14 |     6 |     7 |     1 |       |       |       ||    28
       End Transformatio |       |       |       |       |       |       |       |     1 |       ||     1
Evoke: Wand              |       |       |     9 |    16 |     9 |     6 |    13 |     2 |     2 ||    57
  Use: Scroll            |     1 |     5 |     9 |    15 |     8 |     4 |     4 |     3 |    24 ||    73
       Potion            |     1 |     5 |     4 |     6 |     2 |     2 |       |     3 |    27 ||    50
 Stab: Betrayed ally     |       |       |     1 |       |       |       |       |       |       ||     1
       Sleeping          |       |       |       |       |       |       |       |       |     6 ||     6
       Distracted        |       |       |       |       |       |       |       |       |     2 ||     2
Armor: Skin              |    11 |    19 |    56 |    93 |   118 |   117 |   354 |    70 |    49 ||   887
Dodge: Dodged            |    27 |    39 |    79 |   183 |   234 |   143 |   512 |    90 |   165 ||  1472
Block: Buckler           |       |       |       |       |       |    28 |   136 |       |       ||   164
       Kite shield       |       |       |       |       |       |       |       |       |   131 ||   131
       Reflection        |       |       |       |       |       |       |       |       |     1 ||     1
